 Dungeon Crawl Stone Soup version 0.29.1-13-g9f3cf754e1 (webtiles) character file.

Game seed: 9759046674376401421

160059 Jod the Executioner (level 17, -8/144 HPs)
             Began as a Minotaur Fighter on Dec 24, 2022.
             Was the Champion of the Shining One.
             Mangled by a wolf spider (11 damage)
             ... on level 3 of the Lair of Beasts on Jan 26, 2023.
             The game lasted 02:05:18 (13111 turns).

Jod the Executioner (Minotaur Fighter)             Turns: 13111, Time: 02:05:20

Health: -8/144     AC: 18    Str: 40    XL:     17   Next: 17%
Magic:  20/22      EV: 16    Int:  9    God:    the Shining One [******]
Gold:   1339       SH:  9    Dex: 14    Spells: 16/16 levels left

rFire   + . .      SeeInvis .   a - +0 executioner's axe of the Lonely Bounties {flame, Fragile Int+4 Dex+3}
rCold   + . .      Faith    .   (shield currently unavailable)
rNeg    + + +      Spirit   .   K - +3 acid dragon scales
rPois   .          Reflect  .   P - +2 hat
rElec   .          Harm     .   S - scarf {rC+ rF+}
rCorr   +          Rampage  .   C - +2 pair of gloves {hurl}
Will    +....                   G - +0 pair of boots
Stlth   +.........              (no amulet)
HPRegen 0.34/turn               i - +6 ring of strength
MPRegen 0.18/turn               R - +6 ring of strength

@: divinely shielded, glowing
A: horns 2, retaliatory headbutt
a: Renounce Religion, Divine Shield, Cleansing Flame, Summon Divine Warrior,
Brand Weapon With Holy Wrath


You were on level 3 of the Lair of Beasts.
You worshipped the Shining One.
The Shining One was exalted by your worship.
You visited 5 branches of the dungeon, and saw 19 of its levels.
You also visited: Ossuary and Volcano.

You collected 1586 gold pieces.
You spent 247 gold pieces at shops.

Inventory:

Hand Weapons
 a - the +0 executioner's axe of the Lonely Bounties (weapon) {flame, Fragile Int+4 Dex+3}
   (You found it on level 8 of the Dungeon)

   It burns those it strikes, dealing additional fire damage.
   Big, fiery blades are also staple armaments of hydra-hunters.
   Int:       It affects your intelligence (+4).
   Dex:       It affects your dexterity (+3).
   Fragile:   It will be destroyed if unequipped.
 F - a +1 demon whip of venom
 H - a +0 war axe
 M - the +14 obsidian axe {vorpal, Mesm Drain Fly SInv}
   (You took it off a centaur on level 9 of the Dungeon)

   It inflicts extra damage upon your enemies.
   It occasionally summons demons to assist the wielder when it strikes in
   combat.
   Its wielder is mesmerised by any visible foes.
   It cannot be unequipped while any foes are visible.
   SInv:      It lets you see invisible.
   Fly:       It grants you flight.
   Drain:     It drains your maximum health when unequipped.
   The Shining One disapproves of the use of such an item.
Missiles
 Q - 2 throwing nets (quivered)
Armour
 C - a +2 pair of gloves of hurling (worn)
 G - a +0 pair of boots (worn)
 K - +3 acid dragon scales (worn)
 O - a scarf of shadows
 P - a +2 hat (worn)
 S - a scarf of resistance (worn)
Jewellery
 i - a +6 ring of strength (left hand)
 k - a +4 ring of protection
 o - a ring of magical power
 A - a ring of see invisible
 B - a ring of fire
 D - a +6 ring of intelligence
 E - a ring of ice
 R - a +6 ring of strength (right hand)
Wands
 t - a wand of light (5)
 I - a wand of charming (11)
 J - a wand of polymorph (7)
 L - a wand of flame (23)
 U - a wand of digging (6)
 W - a wand of mindburst (4)
Scrolls
 b - a scroll of fear
 c - a scroll of blinking {unknown}
 e - 8 scrolls of teleportation
 m - 2 scrolls of silence
 p - 2 scrolls of poison
 q - 3 scrolls of vulnerability
 s - 4 scrolls of magic mapping
 w - 5 scrolls of amnesia
 x - 2 scrolls of butterflies
 y - 2 scrolls of immolation
Potions
 d - 3 potions of might
 f - 4 potions of magic
 g - 10 potions of curing
 h - 3 potions of attraction
 j - 2 potions of haste
 l - 3 potions of mutation
 n - 3 potions of brilliance
 r - 2 potions of resistance {unknown}
 u - 4 potions of lignification
 v - 3 potions of cancellation
 z - 3 potions of flight
 N - 4 potions of ambrosia
 V - a potion of invisibility {unknown}
Miscellaneous
 T - a lightning rod (2/4)


   Skills:
 + Level 11.2 Fighting
 - Level 24.0 Axes
 - Level 9.0 Armour
 - Level 9.0 Dodging
 - Level 3.6 Shields
 - Level 9.0 Invocations
 + Level 8.0 Evocations


You had 16 spell levels left.
You didn't know any spells.
Your spell library contained the following spells:

 Spells                   Type           Power      Damage    Failure   Level
 Magic Dart               Conj           0%         1d3       41%         1
 Slow                     Hex            0%         N/A       41%         1
 Searing Ray              Conj           0%         2d4       56%         2
 Confusing Touch          Hex            0%         N/A       80%         3
 Conjure Flame            Conj/Fire      0%         6-21      80%         3
 Ignite Poison            Fire/Tmut/Pois 0%         N/A       80%         3
 Inner Flame              Hex/Fire       0%         N/A       80%         3
 Portal Projectile        Hex/Tloc       0%         N/A       80%         3
 Tukima's Dance           Hex            0%         N/A       80%         3
 Vampiric Draining        Necr           0%         2d6       80%         3
 Cause Fear               Hex            0%         N/A       99%         4
 Fulminant Prism          Conj/Hex       0%         3d6       99%         4
 Leda's Liquefaction      Hex/Erth       0%         N/A       99%         4
 Passage of Golubria      Tloc           0%         N/A       99%         4
 Sticky Flame             Conj/Fire      0%         2d3       99%         4
 Blade Hands              Tmut           0%         N/A       100%        5
 Summon Forest            Summ/Tloc      0%         N/A       100%        5
 Yara's Violent Unravell  Hex/Tmut       0%         3d3       100%        5
 Statue Form              Tmut/Erth      0%         N/A       100%        6
 Discord                  Hex            0%         N/A       100%        8
 Chain Lightning          Conj/Air       0%         N/A       100%        9
 Fire Storm               Conj/Fire      0%         5d1       100%        9
 Shatter                  Erth           0%         3d5*      100%        9


Dungeon Overview and Level Annotations

Branches:
Dungeon (11/15)            Temple (1/1) D:4            Lair (5/5) D:11
  Swamp (1/4) Lair:3       Spider (1/4) Lair:3        Slime (0/5) Lair:4
    Orc (0/2) D:11        Ossuary (visited)         Volcano (visited)

Altars:
Ashenzari
Cheibriados
Dithmenos
Elyvilon
Fedhas
Gozag
Hepliaklqana
Kikubaaqudgha
Makhleb
Nemelex Xobeh
Okawaru
Ru
Sif Muna
Trog
Uskayaw
Vehumet
Wu Jian
Xom
Yredelemnul
Zin
The Shining One

Shops:
D:5 [[   D:8 (

Portals:
Hell: Lair:5

Annotations:
D:3 exclusion: downstairs
D:10 Erica
Lair:4 3 runed translucent doors, Lutiheq's ghost, journeyman DrTm


Innate Abilities, Weirdness & Mutations

You have a pair of horns on your head.
You reflexively headbutt those who attack you in melee.


Message History

You hear a hideous shriek!
You hear a faint skittering sound.
You hear a skittering sound.
You hear a faint skittering sound. x3
You climb upwards.
Welcome back to the Lair of Beasts!
You feel extremely sick.
There is a hole to the Spider Nest here.
You barely miss the wolf spider. You headbutt the wolf spider.
The wolf spider is moderately wounded.
You hit the jumping spider. You burn the jumping spider.
You slash the moth of wrath! You burn the moth of wrath.
You feel very sick.
The jumping spider closely misses you. x2; You block the wolf spider's attack.
The wolf spider bites you!
* * * LOW HITPOINT WARNING * * *
You are lethally poisoned!
The wolf spider poisons you!
The jumping spider barely misses you. x2
The wolf spider completely misses you. You furiously retaliate!
You headbutt the wolf spider. The wolf spider bites you.
* * * LOW HITPOINT WARNING * * *
The moth of wrath barely misses you.
You feel better. The wolf spider misses you. The wolf spider bites you!
* * * LOW HITPOINT WARNING * * *
The jumping spider pounces on you!
* * * LOW HITPOINT WARNING * * *
You block the jumping spider's attack.
The wolf spider hits you but does no damage.
The wolf spider barely misses you. The jumping spider closely misses you.
The jumping spider bites you but does no damage.
The moth of wrath bites you!
* * * LOW HITPOINT WARNING * * *
Okay, then.
Okay, then.
Okay, then.
Okay, then.
The jumping spider attacks as you move away!
The jumping spider misses you. You furiously retaliate!
You headbutt the jumping spider!
The jumping spider bites you but does no damage.
The wolf spider barely misses you. You furiously retaliate!
You headbutt the wolf spider! The wolf spider bites you!
You die...

♣.♣♣...#######..........#
♣♣§§♣♣♣..#.##..#......P###
§~~§~♣.^...............P#
♣§§§≈♣..................#
§§§§♣♣.................##
♣§~§♣♣.#.#####.##.......##
♣♣♣♣♣....# ########....#
.........# ##....#...##
.......### ###.@s.##..##
.......# #^..ys.#...#
.......### ##^^...##...##
.......#.###^^..^##.....#
.........##...^.##.....##
..............###.......#
.......#...^### ##.....##
...........## ##.....# #
.......#...# #P.....#.#


You could see a wolf spider (berserk, soul bound), a moth of wrath (soul bound)
and a jumping spider (berserk, soul bound).

Vanquished Creatures
  Gastronok (Lair:1)
  A thorn hunter (Swamp:1)
  Nessos (Lair:4)
  A dire elephant (Lair:5)
  Harold (Lair:1)
  3 boulder beetles
  4 hydras (Lair:5)
  A hell beast (Lair:5)
  A catoblepas (Lair:5)
  2 two-headed ogres (D:10)
  5 death yaks (Lair:3)
  Amaemon (D:9)
  A goliath frog (Swamp:1)
  A pharaoh ant (Spider:1)
  A lindwurm (Lair:5)
  A wizard (Lair:5)
  An ugly thing (D:8)
  2 oklob plants
  2 wolf spiders
  A cyclops (D:11)
  A will-o-the-wisp (Swamp:1)
  12 elephants
  Joseph (D:9)
  A gargoyle (D:11)
  7 orange demons
  4 black mambas
  Maurice (D:9)
  A molten gargoyle (Volcano)
  A torpor snail (Lair:5)
  17 cane toads
  Psyche (D:9)
  5 rime drakes
  13 komodo dragons
  A hellwing (Lair:5)
  5 polar bears
  A hornet (D:7)
  8 trolls
  A tyrant leech (Swamp:1)
  3 tarantellas (Spider:1)
  4 dream sheep (Lair:5)
  15 blink frogs
  A culicivora (Lair:3)
  2 jumping spiders
  Sigmund (D:4)
  A wraith (D:11)
  A water elemental (D:11)
  4 wyverns
  3 fire elementals (Volcano)
  58 yaks
  4 basilisks
  2 redbacks (Lair:3)
  3 steam dragons
  An acid dragon (D:8)
  3 hell hounds (Lair:5)
  6 swamp worms
  10 water moccasins
  Duvessa (D:7)
  An ice beast (D:5)
  3 orc warriors
  2 sky beasts
  2 black bears
  3 wolves
  3 centaurs
  A phantom (D:7)
  3 kobold brigands
  9 bullfrogs
  A gnoll sergeant (D:6)
  3 necrophages
  4 scorpions
  12 wights
  Dowan (D:7)
  9 killer bees
  5 howler monkeys
  2 electric eels (D:11)
  7 hounds
  8 jellies
  2 gnoll boudas
  6 orc priests
  Crazy Yiuf (D:3)
  2 iguanas (D:5)
  7 orc wizards
  3 mummies (Ossuary)
  22 gnolls
  2 adders
  2 river rats (Lair:3)
  A white imp (D:8)
  2 ufetubi
  2 adder zombies (Ossuary)
  3 worms
  3 dart slugs
  15 orcs
  32 endoplasms
  A giant cockroach (D:1)
  6 goblins
  6 hobgoblins
  14 kobolds
  A quokka (D:3)
  2 training dummies (D:7)
  4 ball pythons
  5 bats
  3 frilled lizards
  4 goblin zombies (Ossuary)
  3 hobgoblin zombies (Ossuary)
  5 kobold zombies (Ossuary)
  An orc zombie (Ossuary)
  2 quokka zombies (Ossuary)
  3 rats
  A rat zombie (Ossuary)
  11 briar patches (Swamp:1)
  A butterfly (Lair:2)
493 creatures vanquished.

Vanquished Creatures (others)
  A water moccasin (Lair:4)
  An orc wizard (D:8)
  A hobgoblin (D:4)
  A briar patch (Swamp:1)
  2 foxfires (Swamp:1)
  34 fungi
  22 plants
  2 withered plants (D:3)
64 creatures vanquished.

Grand Total: 557 creatures vanquished

Notes
Turn   | Place    | Note
-------+----------+-------------------------------------------
     0 | D:1      | Jod the Minotaur Fighter began the quest for the Orb.
     0 | D:1      | Reached XP level 1. HP: 19/19 MP: 0/0
    52 | D:1      | Reached skill level 3 in Axes
   205 | D:1      | Reached XP level 2. HP: 22/26 MP: 1/1
   385 | D:1      | Reached skill level 4 in Axes
   631 | D:2      | Reached XP level 3. HP: 27/31 MP: 2/2
   894 | D:3      | Found a shimmering altar of Xom.
   996 | D:4      | Noticed a black bear
  1040 | D:3      | Reached skill level 5 in Axes
  1062 | D:3      | Found a hazy altar of Hepliaklqana.
  1151 | D:3      | Found an ancient bone altar of Kikubaaqudgha.
  1296 | D:3      | Found a runed translucent door.
  1297 | D:3      | Noticed Crazy Yiuf
  1304 | D:3      | Killed Crazy Yiuf
  1305 | D:3      | Reached XP level 4. HP: 14/39 MP: 3/3
  1606 | D:4      | Noticed Sigmund
  1623 | D:4      | Killed Sigmund
  1624 | D:4      | Reached skill level 7 in Axes
  1624 | D:4      | Reached XP level 5. HP: 7/45 MP: 4/4
  1903 | D:4      | Reached XP level 6. HP: 45/51 MP: 5/5
  1961 | D:4      | Reached skill level 8 in Axes
  2124 | D:4      | Reached skill level 9 in Axes
  2157 | D:4      | Reached XP level 7. HP: 41/57 MP: 6/6
  2248 | D:4      | Found a staircase to the Ecumenical Temple.
  2261 | Temple   | Entered the Ecumenical Temple
  2261 | Temple   | Found a transporter.
  2261 | Temple   | Found a transporter.
  2263 | Temple   | Found a transporter.
  2263 | Temple   | Found a transporter.
  2289 | Temple   | Became a worshipper of the Shining One
  2445 | D:5      | Entered Level 5 of the Dungeon
  2467 | D:5      | Found a sand-covered staircase.
  2476 | Ossuary  | Entered an ossuary
  2498 | Ossuary  | Reached * piety under the Shining One
  2553 | Ossuary  | Reached ** piety under the Shining One
  2627 | D:5      | Found a hide-covered altar of Uskayaw.
  2682 | D:5      | Reached skill level 10 in Axes
  2759 | D:5      | Found Timnuh's Antique Armour Boutique.
  2776 | D:5      | Bought a pair of embroidered gloves for 247 gold pieces
  2798 | D:5      | Found a shimmering blue altar of Sif Muna.
  2798 | D:5      | Found a glowing silver altar of Zin.
  2799 | D:5      | Found an iron altar of Okawaru.
  2886 | D:5      | Found Baecotem's Antique Armour Shoppe.
  2907 | D:5      | Reached skill level 11 in Axes
  2914 | D:5      | Found an opulent altar of Gozag.
  2944 | D:6      | Reached XP level 8. HP: 63/64 MP: 7/7
  3159 | D:6      | Reached skill level 12 in Axes
  3202 | D:6      | Found a white marble altar of Elyvilon.
  3372 | D:7      | Reached skill level 13 in Axes
  3479 | D:7      | Noticed Duvessa
  3483 | D:7      | Noticed Dowan
  3500 | D:7      | Killed Dowan
  3501 | D:7      | Killed Duvessa
  3516 | D:7      | Reached *** piety under the Shining One
  3523 | D:7      | Reached skill level 14 in Axes
  3523 | D:7      | Reached XP level 9. HP: 32/70 MP: 8/8
  3616 | D:7      | Reached skill level 15 in Axes
  4016 | D:7      | Found a broken altar of Ashenzari.
  4150 | D:8      | Found Mefox's Antique Weapon Shop.
  4181 | D:8      | Reached skill level 5 in Fighting
  4317 | D:8      | Identified the +0 executioner's axe of the Lonely Bounties
                  | {flame, Fragile Int+4 Dex+3}
  4435 | D:8      | Noticed a troll
  4440 | D:8      | Killed a troll
  4442 | D:8      | Noticed a cyan ugly thing
  4454 | D:8      | Killed a cyan ugly thing
  4455 | D:8      | Reached skill level 16 in Axes
  4472 | D:8      | Reached XP level 10. HP: 22/84 MP: 9/9
  4998 | D:9      | Reached **** piety under the Shining One
  5027 | D:9      | Noticed Joseph
  5050 | D:9      | Killed Joseph
  5091 | D:9      | Noticed Maurice
  5386 | D:9      | Killed Maurice
  5416 | D:9      | Noticed Amaemon
  5428 | D:9      | Noticed an orange demon
  5449 | D:9      | Killed Amaemon
  5450 | D:9      | Reached skill level 17 in Axes
  5453 | D:9      | Killed an orange demon
  5940 | D:9      | Noticed Psyche
  5951 | D:9      | Killed Psyche
  5982 | D:9      | Got Juewkaj's Almanac of the Spatial Lithosphere
  6048 | D:10     | Entered Level 10 of the Dungeon
  6051 | D:10     | Noticed a two-headed ogre
  6059 | D:10     | Killed a two-headed ogre
  6060 | D:10     | Reached skill level 18 in Axes
  6060 | D:10     | Reached skill level 1 in Dodging
  6060 | D:10     | Reached XP level 11. HP: 62/97 MP: 10/10
  6461 | D:10     | Noticed a two-headed ogre
  6714 | D:10     | Reached skill level 5 in Armour
  6757 | D:10     | Noticed Erica
  6975 | D:10     | Killed a two-headed ogre
  7043 | D:11     | Noticed a boulder beetle
  7079 | D:11     | Noticed a boulder beetle
  7102 | D:11     | Killed a boulder beetle
  7230 | D:11     | Found a staircase to the Orcish Mines.
  7367 | D:11     | Reached skill level 1 in Invocations
  7677 | D:11     | Reached skill level 5 in Dodging
  7734 | D:11     | Killed a boulder beetle
  7888 | D:11     | Reached XP level 12. HP: 45/104 MP: 13/13
  7892 | D:11     | Reached skill level 19 in Axes
  8207 | D:11     | Found a staircase to the Lair.
  8413 | Lair:1   | Entered Level 1 of the Lair of Beasts
  8580 | Lair:1   | Noticed Gastronok
  8580 | Lair:1   | Reached ***** piety under the Shining One
  8595 | Lair:1   | Killed Gastronok
  8645 | Lair:1   | Noticed Harold
  8670 | Lair:1   | Killed Harold
  8979 | Lair:1   | Reached skill level 5 in Invocations
  9196 | Lair:2   | Noticed a boulder beetle
  9217 | Lair:2   | Killed a boulder beetle
  9681 | Lair:3   | Reached XP level 13. HP: 93/111 MP: 16/16
  9682 | Lair:3   | Reached skill level 20 in Axes
 10143 | Lair:3   | Reached skill level 1 in Evocations
 10188 | Lair:3   | Found a dark tunnel.
 10197 | Volcano  | Entered a volcano
 10636 | Lair:3   | Found a staircase to the Swamp.
 10651 | Swamp:1  | Entered Level 1 of the Swamp
 10939 | Swamp:1  | Noticed a thorn hunter
 10997 | Swamp:1  | HP: 2/111 [thorn hunter/volley of thorns (9)]
 10999 | Swamp:1  | The Shining One protects you from harm!
 11001 | Swamp:1  | Killed a thorn hunter
 11764 | Lair:4   | Reached skill level 21 in Axes
 11764 | Lair:4   | Reached XP level 14. HP: 118/118 MP: 19/19
 11765 | Lair:4   | Reached skill level 22 in Axes
 11765 | Lair:4   | Reached XP level 15. HP: 124/124 MP: 20/20
 11766 | Lair:4   | Reached skill level 23 in Axes
 11766 | Lair:4   | Reached XP level 16. HP: 132/132 MP: 21/21
 11818 | Lair:4   | Found a runed translucent gate.
 11818 | Lair:4   | Found a runed translucent gate.
 11818 | Lair:4   | Found a runed translucent gate.
 11819 | Lair:4   | Noticed Lutiheq's ghost (journeyman DrTm)
 11840 | Lair:4   | Found a staircase to the Slime Pits.
 11928 | Lair:4   | Noticed Nessos
 11948 | Lair:4   | Killed Nessos
 12106 | Lair:4   | Upgraded the game from 0.29.1-12-g30fa7ad0bf to
                  | 0.29.1-13-g9f3cf754e1
 12107 | Lair:5   | Entered Level 5 of the Lair of Beasts
 12157 | Lair:5   | Reached skill level 5 in Evocations
 12240 | Lair:5   | Reached skill level 24 in Axes
 12525 | Lair:5   | Found a burning altar of Makhleb.
 12558 | Lair:5   | Found a gateway to Hell.
 12565 | Lair:5   | Identified the +6 dagger of Trauma {elec, rN+++ Will-}
 12678 | Lair:5   | Reached skill level 10 in Fighting
 12679 | Lair:5   | Reached XP level 17. HP: 117/140 MP: 22/22
 12738 | Lair:5   | Identified the +1 scale mail of Ineump {Regen+ Str+6 Int-5
                  | Dex-3}
 12961 | Lair:3   | Found a hole to the Spider Nest.
 13089 | Spider:1 | Entered Level 1 of the Spider Nest
 13103 | Spider:1 | Reached ****** piety under the Shining One
 13110 | Lair:3   | HP: 2/144 [moth of wrath (8)]
 13111 | Lair:3   | Mangled by a wolf spider

Illustrated notes

Levels and vault maps discovered:
D:1:      evilmike_arrival_plus, layout_basic
D:2:      layout_basic
D:3:      layout_basic, mainiacjoe_overflow_concentric_impassable,
          nicolae_overflow_crystal_walls, kiku_gazebo_garden_becter,
          supply_closet_lemuel, uniq_crazy_yiuf_cottage
D:4:      cheibrodos_quashed, layout_basic, temple_green, uniq_sigmund
D:5:      layout_rooms, mainiacjoe_overflow_brackets,
          mainiacjoe_overflow_small_starburst, gammafunk_temple_overflow_claw,
          enter_ossuary_1, serial_shops, nicolae_shop_overgrown_old_shop,
          nicolae_kite_square_tiling_tiny, kennysheep_windowed_goal
D:6:      layout_basic, elyvilon_altar_3
D:7:      dreamdust_elfheim, layout_loops_cross, mainiacjoe_overflow_paths
D:8:      layout_loops_ring, serial_shops, nicolae_shop_statue_plus,
          hangedman_minor_gate_pass
D:9:      layout_basic, marbit_many_paths, dreamdust_deal_with_the_devil,
          grunt_ministairs_1, uniq_psyche, uniq_maurice, uniq_amaemon,
          uniq_joseph
D:10:     layout_rooms, serial_glass, glass_columns_c, glass_columns_a,
          glass_columns_b, glass_columns_a, glass_columns_b, uniq_erica
D:11:     layout_roguey, erik_lair_island, minmay_orc_entry_temple_small
Temple:   hellmonk_temple_divided_pantheon
Lair:1:   layout_layer_cave, minmay_shattered_shrine, uniq_gastronok,
          uniq_harold
Lair:2:   lemuel_slime, layout_gridlike, nicolae_lair_lil_pond,
          lemuel_fruit_fields, uniq_urug
Lair:3:   layout_big_grid, minmay_swamp_entry_worms,
          spider_nest_entry_funnel_web, nicolae_volcano_entry_hallway, pond,
          grunt_megastairs_4
Lair:4:   layout_regular_city, nicolae_slime_entry_slimehenge,
          gammafunk_ghost_hydra_chop, lemuel_fruit_tree, uniq_nessos
Lair:5:   evil_forest, layout_regular_city
Swamp:1:  layout_basic_swamp, hellmonk_ghost_happy_afterlife,
          evilmike_swamp_ruin_house_6, infiniplex_staircase_pool
Spider:1: layout_spider_delve, uniq_frances

Skill      XL: |  1  2  3  4  5  6  7  8  9 10 11 12 13 14 15 16 17 |
---------------+----------------------------------------------------+-----
Axes           | 3 4 5 7 9 11 14 16 18 19 21 22 23 24 | 24.0
Fighting       | 6 9 10 11 | 11.2
Armour         | 4 7 9 |  9.0
Dodging        | 1 5 8 9 |  9.0
Invocations    | 3 6 8 9 |  9.0
Evocations     | 4 7 8 |  8.0
Shields        | |  3.6

Action                   |  1- 3 |  4- 6 |  7- 9 | 10-12 | 13-15 | 16-18 || total
-------------------------+-------+-------+-------+-------+-------+-------++-------
Melee: War axe           |    88 |    50 |   245 |   428 |       |       ||   811
       Headbutt          |    11 |     7 |    58 |   141 |    22 |    48 ||   287
       Executioner's axe |       |       |       |    83 |   106 |   181 ||   370
Invok: Divine Shield     |       |       |       |     4 |     1 |     3 ||     8
       Cleansing Flame   |       |       |       |       |     1 |     1 ||     2
Evoke: Wand              |       |     1 |     4 |     9 |       |       ||    14
       Lightning rod     |       |       |       |       |       |     6 ||     6
  Use: Potion            |       |     1 |       |     8 |     8 |     1 ||    18
       Scroll            |       |       |    17 |    11 |     2 |       ||    30
Armor: Scale mail        |    25 |    14 |    77 |    17 |       |       ||   133
       Acid dragon scale |       |       |       |   129 |    30 |    51 ||   210
       Skin              |       |       |       |     2 |       |       ||     2
Dodge: Dodged            |    26 |    15 |    77 |   198 |    57 |    94 ||   467
Block: Buckler           |    10 |     9 |    40 |    84 |       |       ||   143
       Other             |       |       |       |       |     3 |    23 ||    26
